 Dungeon Crawl Stone Soup version 0.28-a0-1435-g82390b3a13 (webtiles) character file.

Game seed: 95595130867696557

7017 avis the Severer (level 11, -6/97 HPs)
             Began as a Hill Orc Monk on Jan 9, 2022.
             Was a Priest of Beogh.
             Mangled by a shadow (18 damage)
             ... on level 9 of the Dungeon on Jan 10, 2022.
             The game lasted 01:10:04 (12725 turns).

avis the Severer (Hill Orc Monk)                   Turns: 12725, Time: 01:10:04

Health: -6/97      AC: 11    Str: 19    XL:     11   Next: 8%
Magic:  11/14      EV: 13    Int: 10    God:    Beogh [***...]
Gold:   545        SH:  0    Dex: 13    Spells: 10/10 levels left

rFire   + . .      SeeInvis .   a - +6 hand axe "Okao" {drain, rCorr}
rCold   + . .      Faith    .   (no shield)
rNeg    . . .      Spirit   .   l - +0 chain mail {rC+}
rPois   .          Reflect  .   (no helmet)
rElec   .          Harm     .   (no cloak)
rCorr   +          Rampage  .   k - +0 pair of gloves
Will    .....                   (no boots)
Stlth   ..........              (no amulet)
HPRegen 0.26/turn               n - ring of protection from fire
MPRegen 0.14/turn               q - +4 ring of evasion

@: slowed, studying Polearms, very slow
A: no striking features
a: Renounce Religion, Smiting


You were on level 9 of the Dungeon.
You worshipped Beogh.
Beogh was most pleased with you.
You visited 2 branches of the dungeon, and saw 12 of its levels.

You collected 545 gold pieces.

Inventory:

Hand Weapons
 a - the +6 hand axe "Okao" (weapon) {drain, rCorr}
   (You found it on level 9 of the Dungeon)

   A truly terrible weapon, it drains the life of any living foe it strikes.
   rCorr:     It protects you from acid and corrosion.
 b - a +4 hunting sling
 w - a +0 war axe
 x - a +1 whip of venom
 y - a +0 spear
 G - a +4 dagger of distortion
 K - a +5 short sword
 N - the +4 dagger "Morg" {pain, Will+ Int+5}
   (You found it on level 9 of the Dungeon)

   In the hands of one skilled in necromantic magic, it inflicts extra damage on
   living creatures.
   Int:       It affects your intelligence (+5).
   Will:      It increases your willpower.
 O - a +2 hand axe of electrocution
Missiles
 c - 238 stones (quivered)
 p - 15 sling bullets
 u - 16 bolts
 z - 4 throwing nets
 D - 25 poisoned darts
 J - 15 arrows
Armour
 k - a +0 pair of gloves (worn)
 l - a +0 chain mail of cold resistance (worn)
 s - a +0 plate armour
 C - a +0 buckler
 F - a +0 buckler
 H - a +0 robe of fire resistance
 L - a +0 chain mail
Jewellery
 n - a ring of protection from fire (left hand)
 q - a +4 ring of evasion (right hand)
Wands
 f - a wand of paralysis (8)
 m - a wand of flame (31)
 v - a wand of charming (5)
 E - a wand of polymorph (7)
Scrolls
 d - a scroll of blinking {unknown}
 e - 6 scrolls of teleportation
 g - 4 scrolls of fog
 i - a scroll of enchant weapon {unknown}
 j - 3 scrolls of magic mapping
 o - 2 scrolls of identify
 t - a scroll of enchant armour {unknown}
 B - a scroll of summoning
Potions
 h - 4 potions of brilliance
 r - a potion of lignification {unknown}
 I - a potion of flight
 M - a potion of might {unknown}


   Skills:
 * Level 9.2 Fighting
 - Level 16.0 Axes
 - Level 5.0 Armour
 - Level 5.0 Dodging
 - Level 1.6 Stealth
 - Level 4.0 Shields
 - Level 5.0 Invocations


You had 10 spell levels left.
You didn't know any spells.
Your spell library contained the following spells:

 Spells                   Type           Power      Damage    Failure   Level
 Sandblast                Erth           0%         2d4       98%         1
 Passwall                 Tmut/Erth      0%         N/A       99%         2
 Stone Arrow              Conj/Erth      0%         3d7       100%        3


Dungeon Overview and Level Annotations

Branches:
Dungeon (11/15)            Temple (1/1) D:4
   Lair: D:8-11         Orc: D:9-12

Altars:
Cheibriados
Dithmenos
Gozag
Hepliaklqana
Nemelex Xobeh
Qazlal
Trog
Vehumet
The Shining One
Beogh

Shops:
D:4 =   D:5 *


Message History

Your orc priest invokes the aid of Beogh against you.
You struggle to resist.
You barely miss the shadow. The shadow barely misses you.
You slash the shadow!
The shadow is moderately damaged.
You hit the orc priest but do no damage.
The boulder beetle leaps!
The shadow misses you. The orc priest completely misses you.
The orc closely misses you.
You hit the shadow.
The shadow is severely damaged.
You hit the orc priest. The shadow misses you.
The orc hits you from afar with a +0 trident.
* * * LOW HITPOINT WARNING * * *
You hit the shadow but do no damage.
The shadow is severely damaged.
You hit the orc priest. You drain the orc priest.
You kill the orc priest!
That felt strangely unrewarding.
The shadow hits you.
The orc hits you from afar with a +0 trident.
* * * LOW HITPOINT WARNING * * *
You closely miss the shadow.
The shadow is severely damaged.
The shadow closely misses you. The orc barely misses you.
Unknown command.
You hit the shadow.
The shadow is almost destroyed.
The shadow hits you.
* * * LOW HITPOINT WARNING * * *
The orc zaps a wand.
You easily resist.
You barely miss the shadow.
The shadow is almost destroyed.
The shadow closely misses you.
The orc zaps a wand.
You easily resist.
You hit the shadow but do no damage.
The shadow is almost destroyed.
The shadow slips into darkness.
The shadow flickers and vanishes!
Deactivating autopickup; reactivate with Ctrl-A.
You miss something. The orc closely misses you.
The shadow strikes at you from the darkness!
You die...

# ## #. ## ####### #
#))...### ###
###)###...## ##.#
###.{)o.###..# #...
#...@#....##.#####..#
#....(#)°...#...o.....
#...#####o{.#######..#
#.... ....# #### #....
...# ##. #/.. ..)# #..
#... ##. #.. #######
##.##...


You could see an orc.

Vanquished Creatures
  A boulder beetle (D:6)
  A centaur zombie (D:11)
  Psyche (D:9)
  A freezing wraith (D:9)
  A hornet (D:9)
  6 yaks
  A wraith (D:11)
  4 wyverns
  2 steam dragons
  Edmund (D:6)
  A water moccasin (D:6)
  2 black bears
  An ice beast (D:6)
  2 orc warriors (D:6)
  A sky beast (D:7)
  A necrophage (D:5)
  5 centaurs
  2 ogres
  A kobold brigand (D:7)
  A gnoll sergeant (D:8)
  A bullfrog (D:6)
  3 scorpions
  A water moccasin skeleton (D:5)
  A wight (D:8)
  6 killer bees
  A howler monkey (D:7)
  2 jellies
  A bullfrog zombie (D:6)
  2 hounds
  2 gnoll shamans
  4 orc priests
  A centaur skeleton (D:7)
  6 orc wizards
  3 iguanas
  A howler monkey zombie (D:6)
  16 gnolls
  8 adders
  2 shadow imps (D:6)
  A white imp (D:7)
  4 worms
  2 dart slugs
  33 orcs
  A bat (D:3)
  7 endoplasms
  4 giant cockroaches
  17 goblins
  A hobgoblin (D:1)
  3 jackals (D:4)
  A quokka (D:4)
  6 ball pythons
  3 frilled lizards
  10 kobolds
  7 rats
197 creatures vanquished.

Vanquished Creatures (collateral kills)
  A centaur warrior (D:9)
  A centaur (D:8)
  A killer bee (D:9)
  2 wights (D:8)
  2 centaur zombies
  An orc wizard (D:8)
8 creatures vanquished.

Vanquished Creatures (others)
  2 orc warriors (D:9)
  5 orcs
  A bush (D:11)
  2 fungi (D:11)
  31 plants (D:11)
41 creatures vanquished.

Grand Total: 246 creatures vanquished

Notes
Turn   | Place    | Note
-------+----------+-------------------------------------------
     0 | D:1      | avis the Hill Orc Monk began the quest for the Orb.
     0 | D:1      | Reached XP level 1. HP: 19/19 MP: 1/1
   121 | D:1      | Reached XP level 2. HP: 27/27 MP: 2/2
   301 | D:1      | Reached skill level 5 in Axes
   671 | D:1      | Reached XP level 3. HP: 33/33 MP: 3/3
  1188 | D:2      | Found a roughly hewn altar of Beogh.
  1275 | D:2      | Found a faded altar of an unknown god.
  1579 | D:2      | Reached skill level 5 in Fighting
  1840 | D:3      | Reached XP level 4. HP: 42/42 MP: 4/4
  2157 | D:3      | Found a stormy altar of Qazlal.
  2618 | D:3      | Reached XP level 5. HP: 18/49 MP: 5/5
  3882 | D:4      | Identified the +1 leather armour of Tulips {rF+}
  3943 | D:3      | Reached skill level 6 in Axes
  3985 | D:4      | Reached XP level 6. HP: 55/57 MP: 6/6
  4030 | D:4      | Found a radiant altar of Vehumet.
  4506 | D:4      | Reached skill level 7 in Axes
  4532 | D:4      | Reached skill level 1 in Armour
  4538 | D:4      | Became a worshipper of Beogh the Brigand
  4538 | D:4      | Reached * piety under Beogh
  4538 | D:4      | Reached ** piety under Beogh
  4717 | D:4      | Found Nethy's Jewellery Emporium.
  4840 | D:4      | Found a staircase to the Ecumenical Temple.
  4865 | Temple   | Entered the Ecumenical Temple
  4960 | D:4      | Reached XP level 7. HP: 17/63 MP: 7/7
  5278 | D:5      | Entered Level 5 of the Dungeon
  5393 | D:5      | Noticed a wyvern
  5401 | D:5      | Killed a wyvern
  5402 | D:5      | Reached skill level 1 in Invocations
  5416 | D:5      | Reached skill level 8 in Axes
  5621 | D:5      | Noticed a troll
  5705 | D:5      | Found Zuawnoyk's Assorted Antiques.
  5995 | D:5      | Reached skill level 9 in Axes
  5995 | D:5      | Reached XP level 8. HP: 60/70 MP: 10/10
  6138 | D:6      | Noticed a boulder beetle
  6141 | D:6      | Reached skill level 5 in Invocations
  6418 | D:6      | Killed a boulder beetle
  6419 | D:6      | Reached skill level 5 in Armour
  6419 | D:6      | Reached skill level 10 in Axes
  6640 | D:6      | Reached XP level 9. HP: 57/81 MP: 12/12
  7002 | D:6      | Reached skill level 11 in Axes
  8072 | D:6      | Noticed Edmund
  8085 | D:6      | Killed Edmund
  8096 | D:6      | Found a bloodstained altar of Trog.
  8464 | D:6      | HP: 4/83 [orc warrior (10)]
  8895 | D:6      | Reached skill level 5 in Dodging
  9024 | D:7      | Found a sparkling altar of Nemelex Xobeh.
  9356 | D:7      | Found a hazy altar of Hepliaklqana.
  9366 | D:7      | Reached *** piety under Beogh
  9447 | D:7      | Reached skill level 12 in Axes
  9447 | D:7      | Reached XP level 10. HP: 91/91 MP: 13/13
  9561 | D:7      | Identified the +8 mace "Segh" {vorpal, *Corrode Str+2
                  | Dex+4}
  9743 | D:7      | Reached skill level 13 in Axes
 10842 | D:8      | Found a snail-covered altar of Cheibriados.
 11031 | D:8      | You fall into a shaft and drop 3 floors!
 11034 | D:10     | Entered Level 10 of the Dungeon
 11290 | D:11     | Reached skill level 14 in Axes
 11460 | D:11     | Reached skill level 15 in Axes
 11538 | D:9      | Found the +4 dagger "Morg" {pain, Will+ Int+5}
 11591 | D:9      | Noticed Psyche
 11594 | D:9      | Killed Psyche
 12380 | D:9      | Identified the +6 hand axe "Okao" {drain, rCorr}
 12680 | D:9      | Noticed a boulder beetle
 12689 | D:9      | Reached skill level 16 in Axes
 12689 | D:9      | Reached skill level 1 in Shields
 12703 | D:9      | Reached XP level 11. HP: 63/97 MP: 14/14
 12703 | D:9      | Noticed a centaur warrior
 12707 | D:9      | HP: 3/97 [centaur warrior (5)]
 12710 | D:9      | Killed a centaur warrior
 12725 | D:9      | Mangled by a shadow

Illustrated notes

Levels and vault maps discovered:
D:1:      minmay_arrival_cross, layout_basic
D:2:      layout_loops_ring, hellmonk_ecumenical_altar_defaced_shrine,
          roderic_lattice_a
D:3:      layout_rooms, lemuel_tele_altar, kennysheep_generic_room_7
D:4:      layout_gridville, nicolae_overflow_crystal_walls,
          minmay_temple_entry_gardened_gates, serial_shops, nicolae_square_shop,
          minmay_ogre_servants
D:5:      layout_rooms, serial_shops, kennysheep_little_box,
          lightli_corner_chamber
D:6:      layout_gridville, lemuel_coloured_pillars_altar,
          minmay_manual_monstrance, uniq_edmund
D:7:      kennysheep_spiral_hall, layout_loops_cross,
          mainiacjoe_overflow_alcove_1, mainiacjoe_overflow_tiny_flanked,
          serial_bayou_pond_d, st_stairs_12
D:8:      layout_rooms, slow_altar_1, chequers_serial_rivers_large_b
D:9:      layout_cross, nicolae_two_hexagons, grunt_potential, uniq_psyche
D:10:     layout_loops_corners
D:11:     layout_rooms, minmay_lair_entry_grove, orc_0_dummy
Temple:   compressed_dpeg_circular_temple

Skill      XL: |  1  2  3  4  5  6  7  8  9 10 11 |
---------------+----------------------------------+-----
Axes           | 5 6 7 9 10 12 16 | 16.0
Fighting       | 4 5 6 7 9 |  9.2
Dodging        | 3 5 |  5.0
Armour         | 3 5 |  5.0
Invocations    | 3 5 |  5.0
Shields        | 2 4 |  4.0
Stealth        | |  1.6

Action                   |  1- 3 |  4- 6 |  7- 9 | 10-12 || total
-------------------------+-------+-------+-------+-------++-------
Melee: Hand axe          |    80 |   213 |   181 |   145 ||   619
       Punch             |       |     5 |     6 |     1 ||    12
       War axe           |       |    15 |    43 |     8 ||    66
 Fire: Hunting sling     |    30 |    56 |    73 |    18 ||   177
Invok: Convert to Beogh  |       |     1 |       |       ||     1
       Smiting           |       |       |     4 |     5 ||     9
  Use: Potion            |     1 |       |     1 |     4 ||     6
       Scroll            |       |     9 |     2 |     1 ||    12
 Stab: Sleeping          |     1 |       |       |       ||     1
Armor: Chain mail        |    39 |   119 |    82 |    60 ||   300
Dodge: Dodged            |    20 |   124 |   152 |   103 ||   399

Table legend: (Time is in decaauts)
 A = Elapsed time spent in this place.
 B = Non-inter-level travel time spent in this place.
 C = Inter-level travel time spent in this place.
 D = Time resting spent in this place.
 E = Time spent auto-exploring this place.
 F = Levels seen in this place.
 G = Mean time per level.
                   A        B        C        D        E       F      G
               +--------+--------+--------+--------+--------+-----+--------+
         Total |  12719 |  11216 |   1503 |   3993 |   4044 |  12 | 1059.9 |
       Dungeon |  12604 |  11102 |   1502 |   3993 |   4044 |  11 | 1145.8 |
        Temple |    114 |    113 |      1 |      0 |      0 |   1 |  114.0 |
               +--------+--------+--------+--------+--------+-----+--------+

Top non-repeatable levels by time:
     D:6: 2391 daAuts
     D:2: 1730 daAuts
     D:4: 1536 daAuts
     D:7: 1452 daAuts
     D:3: 1306 daAuts
     D:5: 1246 daAuts
     D:1: 908 daAuts
     D:8: 898 daAuts
     D:9: 623 daAuts
    D:11: 415 daAuts
  Temple: 114 daAuts
    D:10: 94 daAuts
